Map: Acid Plant LE

Players

Serral

  • Race: Zerg Zerg
  • League: Master
  • Spawn Location: 11:00

LiquidTaeJa (TaeJa) - Winner!

  • Race: Terran Terran
  • League: Diamond
  • Spawn Location: 5:00

Event: HomeStory Cup XVIII

VOD

Have the link to the VOD?

Description

Time

  • Played on: Nov. 24, 2018, 10:27 a.m.
  • Length: 8:33

All games in this series

Show
View Real Time Build Order
Export as new Build Order

Serral Zerg 

Build Orders: Hatch First 

Get SALT Encoding   

  12  0:00  Drone  
  13  0:13  Overlord  
  13  0:17  Drone  
  14  0:31  Drone x2  
  16  0:48  Hatchery  
  15  0:52  Drone  
  15  0:55  Drone  
  17  0:59  Drone  
  18  1:09  Extractor  
  17  1:14  Spawning Pool  
  17  1:17  Drone  
  17  1:20  Drone  
  18  1:28  Drone  
  19  1:39  Drone  
  20  1:50  Drone  
  21  2:01  Queen x2, Zergling x2  
  25  2:02  Zergling x2  
  27  2:20  Hatchery  
  27  2:22  Overlord  
  26  2:24  Drone  
  26  2:26  Drone  
  28  2:31  Metabolic Boost  
  28  2:41  Drone x3  
  31  2:49  Queen  
  33  2:54  Overlord  
  33  2:57  Drone x2  
  35  3:00  Drone  
  36  3:15  Overlord  
  36  3:16  Drone x5  
  41  3:23  Drone  
  42  3:27  Queen  
  42  3:31  Queen  
  42  3:32  Overlord  
  46  3:34  Drone  
  46  3:37  Drone  
  46  3:38  Drone  
  49  3:44  Roach Warren  
  49  3:45  Drone  
  49  3:47  Drone  
  50  3:48  Drone  
  50  3:52  Extractor x2, Drone  
  50  3:53  Drone  
  51  3:55  Drone  
  51  3:57  Drone  
  51  4:00  Drone  
  51  4:01  Drone  
  51  4:02  Drone  
  56  4:04  Drone  
  56  4:06  Drone  
  56  4:09  Overlord  
  58  4:11  Overlord  
  58  4:17  Zergling x4  
  58  4:23  Zergling x2  
  61  4:25  Roach  
  61  4:28  Roach x3  
  61  4:29  Roach  
  71  4:36  Roach x3  
  77  4:42  Overlord  
  77  4:45  Overlord  
  77  4:46  Zergling x2  
  77  4:48  Zergling x2  
  77  4:49  Zergling x4  
  77  4:51  Lair  
  81  4:55  Spore Crawler  
  81  4:59  Drone  
  81  5:05  Roach x2  
  81  5:06  Drone x2  
  87  5:09  Drone x2  
  87  5:13  Overlord  
  89  5:15  Evolution Chamber  
  89  5:16  Drone, Overlord  
  89  5:21  Drone x4  
  91  5:25  Drone x3  
  91  5:27  Drone  
  96  5:28  Overlord  
  96  5:32  Overlord  
  96  5:34  Drone  
  97  5:38  Overlord  
  97  5:41  Drone x4  
  101  5:44  Extractor  
  101  5:46  Extractor, Evolution Chamber  
  101  5:47  Zerg Missile Weapons Level 1  
  101  5:49  Glial Reconstitution  
  98  5:53  Drone x3  
  98  5:54  Drone  
  97  5:57  Roach  
  97  5:58  Roach  
  97  6:01  Roach x2  
  105  6:10  Zergling x4  
  105  6:11  Zergling x4  
  109  6:14  Overseer  
  109  6:21  Overlord, Hatchery  
  109  6:22  Zerg Ground Armor Level 1  
  109  6:24  Overlord  
  108  6:27  Overlord  
  110  6:33  Roach x4  
  110  6:34  Zergling x8  
  120  6:40  Ravager  
  120  6:41  Ravager x2  
  120  6:45  Drone x2  
  125  6:47  Roach x2  
  125  6:48  Drone, Baneling Nest  
  125  6:49  Infestation Pit  
  125  6:53  Drone  
  125  6:54  Drone x3  
  132  6:55  Overlord  
  132  6:56  Drone x2  
  132  6:57  Drone  
  132  6:59  Drone  
  132  7:00  Drone  
  138  7:01  Drone  
  138  7:05  Spore Crawler  
  138  7:06  Drone  
  138  7:17  Overlord  
  138  7:19  Overlord  
  138  7:22  Extractor, Drone x2  
  139  7:23  Drone x3  
  139  7:24  Drone, Hatchery  
  138  7:33  Ravager  
  138  7:35  Zergling x14  
  137  7:41  Queen  
  137  7:42  Drone x3  
  142  7:48  Zergling x4  
  142  7:49  Zergling x2  
  142  7:50  Zergling x2  
  146  8:01  Roach x3, Zergling x6  
  146  8:02  Zergling x4  
  147  8:07  Zergling x2  
  147  8:08  Zergling x8  
Show
View Real Time Build Order
Export as new Build Order

LiquidTaeJa Terran - Winner!

Build Orders: Reaper Expand 

Get SALT Encoding   

  12  0:00  SCV  
  13  0:12  SCV  
  14  0:17  Supply Depot  
  14  0:24  SCV  
  15  0:38  SCV  
  15  0:39  Barracks  
  16  0:44  Refinery  
  16  0:50  SCV  
  17  1:02  SCV  
  18  1:15  SCV  
  19  1:27  Reaper, Orbital Command  
  20  1:40  Command Center  
  20  1:49  Supply Depot  
  20  1:52  SCV  
  21  2:00  Barracks Reactor  
  21  2:04  SCV  
  22  2:16  SCV  
  23  2:26  Command Center  
  23  2:28  SCV  
  24  2:34  Barracks  
  24  2:41  SCV  
  25  2:45  Marine x2  
  27  2:51  Engineering Bay  
  27  2:53  Orbital Command  
  27  2:57  SCV  
  28  3:06  Marine x2, Refinery  
  28  3:09  SCV  
  31  3:18  Terran Infantry Weapons Level 1  
  31  3:19  SCV  
  32  3:21  SCV  
  32  3:23  Barracks Tech Lab  
  32  3:25  Marine x2  
  35  3:31  SCV  
  35  3:33  SCV  
  37  3:37  Orbital Command  
  37  3:41  Stimpack  
  37  3:43  SCV  
  37  3:46  SCV  
  37  3:47  Marine x2  
  37  3:48  Marine  
  41  3:55  Barracks  
  42  3:57  SCV  
  42  3:58  SCV  
  44  4:04  Marine  
  44  4:05  Marine  
  44  4:06  SCV  
  44  4:08  Marine  
  44  4:09  SCV  
  49  4:10  SCV  
  49  4:13  Factory  
  50  4:18  SCV  
  50  4:21  Supply Depot, SCV  
  50  4:22  SCV  
  53  4:27  Marine x3  
  53  4:30  SCV  
  57  4:36  SCV  
  57  4:37  SCV  
  59  4:42  Barracks Reactor, SCV  
  59  4:45  Supply Depot, Marine x2  
  62  4:47  Refinery  
  62  4:48  Refinery  
  62  4:49  Marine, SCV x2  
  65  4:56  Barracks  
  65  4:58  Barracks  
  65  5:00  Factory Reactor  
  65  5:01  SCV x2  
  65  5:02  Starport, Marine  
  65  5:03  SCV  
  69  5:08  Engineering Bay  
  69  5:09  Armory  
  69  5:11  Marine x2  
  71  5:18  Marine x2, SCV x2  
  71  5:19  Orbital Command  
  71  5:20  Marine  
  76  5:29  Marine  
  77  5:36  SCV  
  77  5:38  Marine x2  
  77  5:39  SCV  
  77  5:40  Supply Depot x2  
  77  5:42  Terran Infantry Armor Level 1  
  80  5:46  Barracks Reactor x2  
  80  5:48  Medivac x2  
  80  5:49  Combat Shield  
  84  5:50  SCV  
  84  5:54  Factory Tech Lab  
  85  6:01  Marine x2  
  85  6:02  Supply Depot, SCV x3  
  85  6:03  Supply Depot, Terran Infantry Weapons Level 2  
  90  6:08  Marauder  
  90  6:09  Marine x2  
  94  6:18  SCV x3  
  97  6:25  Marine x2  
  98  6:27  Supply Depot, Marine  
  98  6:29  Supply Depot, Siege Tank  
  102  6:35  Barracks x3  
  102  6:37  Marine x2  
  104  6:42  Marine  
  104  6:43  Marauder, Marine  
  108  6:50  Medivac x2  
  108  6:51  Supply Depot x2  
  112  6:57  Marine x3  
  112  6:58  Marine  
  112  7:00  Marine  
  112  7:01  Marine  
  118  7:02  Marine, Siege Tank  
  118  7:04  Marauder  
  118  7:05  SCV  
  118  7:08  Supply Depot, Concussive Shells  
  125  7:09  Supply Depot  
  125  7:12  Marine  
  125  7:15  Marine x3  
  127  7:16  Marine  
  127  7:18  Marine  
  127  7:20  Medivac x2  
  135  7:26  Marauder  
  135  7:29  Marine  
  137  7:30  Marine x2  
  137  7:35  Marine x2, Siege Tank  
  137  7:36  Marine  
  140  7:37  Barracks Tech Lab x3  
  140  7:38  Marine x2  
  140  7:41  Supply Depot  
  141  7:47  Marauder  
  141  7:50  Marine x3  
  146  7:55  Supply Depot  
  146  8:02  Marine x2  
  146  8:03  Marine, Marauder  
  147  8:09  Marine x2, Marauder  
Tags
 
Add a new tag
Caveats
  • Supply blocks, unpowered buildings, or Contaminate may cause inaccurate times.
  • Supply counts are checked every 10 seconds.